 Dungeon Crawl Stone Soup version 0.23-a0-375-g66a18ee (webtiles) character file.

37 BingusPrime the Sneak (level 3, 0/22 HPs)
             Began as an Octopode Enchanter on Oct 26, 2018.
             Slain by a jackal (2 damage)
             ... on level 2 of the Dungeon.
             The game lasted 00:04:11 (1507 turns).

BingusPrime the Sneak (Octopode Enchanter)          Turns: 1507, Time: 00:04:12

Health: 0/22       AC:  1    Str:  8    XL:     3   Next: 39%
Magic:  2/6        EV: 13    Int: 17    God:
Gold:   20         SH:  0    Dex: 12    Spells: 2/6 levels left

rFire    . . .     SeeInvis .   a - +1 dagger
rCold    . . .     Gourm    .   (no shield)
rNeg     . . .     Faith    .   (helmet restricted)
rPois    .         Spirit   .   (no amulet)
rElec    .         Reflect  .   (no ring)
rCorr    .         Harm     .   (no ring)
MR       .....                  (no ring)
Stlth    +++.......             (no ring)
HPRegen  0.07/turn              (no ring)
MPRegen  0.10/turn              (no ring)
                                (no ring)
                                (no ring)

@: drained
A: almost no armour, stealthy swim, amphibious, 8 rings, constrict 8, camouflage
1, gelatinous body 1
a: no special abilities


You were on level 2 of the Dungeon.
You were not hungry.

You visited 1 branch of the dungeon, and saw 2 of its levels.

You collected 20 gold pieces.

Inventory:

Hand Weapons
 a - a +1 dagger (weapon)
Missiles
 b - 10 sling bullets
Jewellery
 g - an uncursed ring of poison resistance {unknown}
Scrolls
 e - a scroll of identify {unknown}
 f - 3 scrolls of amnesia {unknown}
 h - a scroll of teleportation {unknown}
 i - a scroll of immolation {unknown}
 j - a scroll of blinking {unknown}
 k - a scroll of fear {unknown}
Potions
 d - a potion of ambrosia {unknown}
Comestibles
 c - 5 rations


   Skills:
 * Level 0.6(0.0) Fighting
 + Level 1.0(0.1) Short Blades
 + Level 2.1(1.2) Dodging
 * Level 4.8(3.8) Stealth
 + Level 2.2(1.3) Spellcasting
 + Level 3.4(2.5) Hexes


You had 2 spell levels left.
You knew the following spells:

 Your Spells              Type           Power        Failure   Level  Hunger
a - Corona                Hex            #......      8%          1    ##.....
b - Confuse               Hex            #.......     22%         3    ####...

Your spell library contained the following spells:

 Spells                   Type           Power        Failure   Level  Hunger
 Ensorcelled Hibernation  Hex/Ice        #.....       19%         2    ###....
 Tukima's Dance           Hex            #.......     22%         3    ####...
 Dazzling Spray           Conj/Hex       #.....       36%         3    ####...


Dungeon Overview and Level Annotations

Branches:
Dungeon (2/15)

Altars:


Innate Abilities, Weirdness & Mutations

You cannot wear most types of armour.
You are very stealthy in the water. (Stealth+)
You are amphibious.
You can wear up to eight rings at the same time.
You can use your tentacles to constrict eight enemies at once.
Your skin changes colour to match your surroundings (Stealth+).
Your rubbery body absorbs attacks. (AC +1, EV +1)


Message History

The jackal barely misses you.
The jackal bites you but does no damage.
The jackal bites you.
* * * LOW HITPOINT WARNING * * *
The jackal bites you.
* * * LOW HITPOINT WARNING * * *
The kobold closely misses you.
The jackal barks!
You hit the kobold.
You kill the kobold!
The jackal bites you but does no damage.
The jackal misses you. The jackal bites you.
* * * LOW HITPOINT WARNING * * *
The jackal completely misses you.
Your magical contamination has completely faded away.
You hit the hobgoblin. Your grab misses the hobgoblin.
You squeeze the hobgoblin.
The hobgoblin is severely wounded.
The jackal closely misses you. The jackal bites you.
You die...

######### #.......#
#.......#### .#
#..........######.#
...###+##h................#
........hg@....<##.........
.......#.hh.#)### .......#
.....######.........#.....#
h... #.#...#######...# ...
..............# #...... .(
##.#.# #......


You could see 4 jackals and a hobgoblin.

Vanquished Creatures
  A gnoll (D:1)
  A dart slug (D:1)
  A leopard gecko (D:1)
  5 goblins
  4 hobgoblins
  5 bats (D:1)
  A frilled lizard (D:1)
  4 kobolds
  A rat (D:1)
23 creatures vanquished.

Notes
Turn   | Place    | Note
-------+----------+-------------------------------------------
     0 | D:1      | BingusPrime the Octopode Enchanter began the quest for the
                  | Orb.
     0 | D:1      | Reached XP level 1. HP: 11/11 MP: 3/3
   292 | D:1      | Reached XP level 2. HP: 16/17 MP: 3/5
   434 | D:1      | Reached XP level 3. HP: 22/22 MP: 2/6
  1471 | D:2      | Learned a level 3 spell: Confuse
  1507 | D:2      | Slain by a jackal

Vault maps used:
D:1:      lightli_arrival_lavapool, chequers_arboretum
D:2:      old_standard_altar, kennysheep_generic_room_14, uniq_natasha,
          uniq_crazy_yiuf_cottage

Action                   || total
-------------------------++-------
Melee: Dagger            ||    67
       Constrict         ||    12
       Tentacles         ||     8
 Cast: Corona            ||    15
       Confuse           ||     1
 Stab: Sleeping          ||     2
  Eat: Chunk             ||     2
Armor: Skin              ||    12
Dodge: Dodged            ||    56

Table legend:
 A = Non-vault XP
 B = Vault XP
 C = Vault XP percentage of total XP
 D = Non-vault monster count
 E = Vault monster count
 F = Vault count percentage of total count
                 A         B        C        D         E       F
            +---------+---------+-------+---------+---------+-------
      Total |      53 |       0 |   0.0 |      23 |       0 |   0.0
            +---------+---------+-------+---------+---------+-------
        D:1 |      47 |       0 |   0.0 |      20 |       0 |   0.0
        D:2 |       6 |       0 |   0.0 |       3 |       0 |   0.0
            +---------+---------+-------+---------+---------+-------
